Unix NetHack Version 5.0.0-0 post-release - last build Jul 11 2026 15:18:16 (a5a7a23833b1ad5d30b1c6e96a93a978492a6348,branch:main).

Game began 2026-07-13 01:04:36, ended 2026-07-14 01:39:57.

KnightLite, lawful female human Monk

                                     .......
  }    } }                  }       .........        }}   }             } } }}
  }}   }}    }             }}  }} }..}........   }}  }}  } }            }}}}}
     } }}    }      }  }   }}}}}}}}}}}......}.   }    }   }          }}}}}}}}
       }}}      ...}}}}}...}}}}}}}}}}.}....}}} }}}}       }}     }  }}}}}   }
       }        ...}}}}}}}}}}}}}}}.........}}. }}}            }}  }}}}} }    }
                ...}..}}}}}}}}}}}................. }    }}    }  }}} }
                .......}}}..}}}}}...............}..}    }}} } }}  }       }}
   }            ......}}.}..}}}@..................E.}   }}   }       } }  }}}
  }}            ......}.....}}}...%..._..............}}}}}   }   }}   }}  }
   }        }}  ..........}}}}}.?%...................}}}}}}   }      }}   }
           }}}  ..}.......}...%.....^.....!.........}}}}}}}}}}}  }}
        }  }}}}}.....}................^.[^..........X}}}}}}}}}    }
      }} } }}}} .........}.%.}}}}}....=.......)...}..}}}}}}}}}
   }} }    }}}}}.}}..}}}}.}..}}}}..%.%..}} .......}}}}}}}}}}}}  }}      }  }}
   }}      }}}}}}}}}}}}}}}.....}.}}... }   }}...}}}}}}}}}}}}}}}} }      } }}}}
       }}}}}}}}}}}}}}}}}}}}.....  }}}   }    ..}}}}}}} }}}}}}}}}  }   }} }}}}
       }}}}}}}   }}}}}  }}.....   }}            }   }    }}}}}}}     } }    }}
     } }}  }}     }}}}             }                     }}}}}}      }      }
      }             }                                      }}

KnightLite the Student of Waters  St:18/27 Dx:17 Co:18 In:13 Wi:18 Ch:15  Lawful
Home 6 $:0  HP:0(167) Pw:46(94) AC:-11 Xp:15 T:36539 

Latest messages:
 You kill the xorn!
 You see here a wand of digging.
 q - a wand of digging.
 A lit field surrounds you!
 What do you want to use or apply?
 You see here a giant ant corpse.
 There is a staircase up to level 5 here.
 You see here a scroll called Scare Monster.
 You hit the invisible stalker!
 You hit the invisible stalker!
 The invisible stalker misses!
 You hit the invisible stalker!
 You kill the invisible stalker!
 The invisible stalker hits!
 You hit the invisible stalker!
 You hit the invisible stalker!
 The invisible stalker hits!
 You hit the invisible stalker!
 You kill the invisible stalker!
 You see here a ring of warning.
 You see here a faded pall.
 You see here a potion of booze.
 A lit field surrounds you!
 Pick a monster, object or location.
 A lit field surrounds you!
 You see here a xorn corpse.
 There is a staircase up to level 5 here.
 You see here a scroll called Scare Monster.
 You avoid stepping into the molten lava.
 (Tip: use 'm' prefix to step in if you really want to.)
 Your pair of high boots bursts into flame!
 You sink into the molten lava, but it only burns slightly!
 Your scroll of amnesia catches fire and burns!
 You aren't hurt!
 You are stuck in the lava.
 You are stuck in the lava.
 You are stuck in the lava.
 You are stuck in the lava.
 You are stuck in the lava.
 You are stuck in the lava.
 You are stuck in the lava.
 You are stuck in the lava.
 You are stuck in the lava.
 You are stuck in the lava.
 You are stuck in the lava.
 You sink below the surface and die.
 Do you want your possessions identified? [ynq] (y) n
 Do you want to see your attributes? [ynq] (y) n
 Do you want an account of creatures vanquished? [ynaq] (y) n
 Do you want to see your conduct and achievements? [ynq] (y) q

Inventory:
 Amulets  ('"')
  k - an uncursed amulet of reflection (being worn)
 Armor    ('[')
  a - a blessed +3 pair of leather gloves (being worn)
  t - a blessed fireproof +7 elven leather helm (being worn)
  w - an uncursed +0 mummy wrapping
  G - a blessed fireproof +4 cloak of magic resistance (being worn)
 Comestibles  ('%')
  N - an uncursed tripe ration
 Spellbooks  ('+')
  u - an uncursed spellbook of restore ability
 Rings    ('=')
  f - an uncursed ring of cold resistance
  j - an uncursed ring of protection from shape changers
  o - an uncursed ring of conflict
  C - an uncursed ring of fire resistance
  H - an uncursed ring of searching
  I - an uncursed ring of sustain ability
  L - an uncursed +0 ring of adornment
  U - an uncursed ring of teleport control
 Wands    ('/')
  d - a wand of fire (0:2)
  h - a wand of teleportation (0:2)
  i - a wand of create monster named EMPTY (0:0)
  l - a wand of sleep (0:5)
  m - a wand of striking (0:2)
  n - a wand of digging (0:5)
  q - a wand of digging (0:7)
  v - a wand of secret door detection (0:12)
  x - a wand of slow monster (0:4)
  D - a wand of digging (0:7)
  J - a wand of magic missile (0:3)
  K - a wand of light (0:13)
  P - a wand of secret door detection (0:12)
  R - a wand of probing (0:3)
  T - a wand of magic missile (0:4)
  V - a wand of magic missile (0:5)
  W - a wand of digging (0:2)
  X - a wand of slow monster (0:4)
  Y - a wand of teleportation (0:5)
  Z - a wand of digging (0:5)
 Tools    ('(')
  b - a blessed bag of holding containing 64 items
  c - an uncursed magic whistle
  e - an uncursed skeleton key
  g - a +0 unicorn horn
  A - an uncursed lock pick
  F - an uncursed blindfold
  Q - an empty uncursed sack
 Gems/Stones  ('*')
  s - a blessed luckstone
 Special
 (list likely candidates)

Contents of the bag of holding:
  33071 gold pieces
  5 uncursed apples
  4 uncursed C-rations
  an uncursed candy bar labeled "Crispy Yum Yum"
  4 uncursed fortune cookies
  2 uncursed K-rations
  an uncursed lembas wafer
  5 uncursed lumps of royal jelly
  7 uncursed oranges
  3 uncursed tripe rations
  an uncursed tin of spinach
  2 uncursed scrolls of enchant weapon
  a cursed scroll of enchant weapon
  a blessed scroll of enchant weapon
  an uncursed scroll of amnesia
  2 uncursed scrolls of blank paper
  a blessed scroll of charging
  an uncursed scroll of confuse monster
  a cursed scroll of create monster
  an uncursed scroll of destroy armor
  2 uncursed scrolls of enchant armor
  a cursed scroll of fire
  an uncursed scroll of fire
  a blessed scroll of food detection
  3 uncursed scrolls of identify
  a cursed scroll of identify
  a cursed scroll of punishment
  an uncursed scroll of punishment
  2 uncursed scrolls of remove curse
  a cursed scroll of teleportation
  3 uncursed scrolls of teleportation
  an uncursed spellbook of clairvoyance
  an uncursed spellbook of healing
  an uncursed spellbook of jumping
  an uncursed spellbook of sleep
  an uncursed potion of acid
  a blessed potion of hallucination
  an uncursed potion of hallucination
  4 potions of holy water
  3 potions of unholy water
  2 uncursed potions of confusion
  an uncursed potion of extra healing
  2 uncursed potions of full healing
  a cursed potion of gain energy
  a blessed diluted potion of healing
  2 uncursed potions of healing
  a blessed potion of healing
  a blessed potion of levitation
  an uncursed potion of monster detection
  2 uncursed potions of object detection
  an uncursed potion of paralysis
  2 uncursed potions of speed
  an uncursed ring of poison resistance
  an uncursed ring of regeneration
  an uncursed ring of teleport control
  a wand of digging (0:4)
  a wand of light (0:12)
  a wand of make invisible (0:2)
  a wand of make invisible (0:5)
  a wand of opening (0:5)
  a wand of secret door detection (0:11)
  a wand of teleportation (0:2)
  a magic marker (1:29)
  an uncursed tin whistle

KnightLite the Monk's attributes:

Background:
 You were a Student of Waters, a level 15 female human Monk.
 You were lawful, on a mission for Shan Lai Ching
 who was opposed by Chih Sung-tzu (neutral) and Huan Ti (chaotic).
 You were left-handed.
 You were in the Quest, on level 6.
 You entered the dungeon 36539 turns ago.
 It was nighttime.
 There was a new moon in effect when your adventure ended.
 You had 186654 experience points, 133346 more were needed to attain level 16.

Basics:
 You had 0 out of 167 hit points.
 You had 46 out of 94 energy points (spell power).
 Your armor class was -11.
 Your wallet was empty, but
 you had 33071 zorkmids stashed away in your pack.
 Autopickup was off.

Final Characteristics:
 Your strength was 18/27 (limit:18/100).
 Your dexterity was 17 (limit:18).
 Your constitution was 18 (limit:18).
 Your intelligence was 13 (limit:18).
 Your wisdom was 18 (limit:18).
 Your charisma was 15 (limit:18).

Final Status:
 You were sinking into lava.
 You weren't hungry.
 You were unencumbered.
 You were empty handed.
 You had grand master skill with martial arts.

Final Attributes:
 You were piously aligned.
 You were magic-protected.
 You were fire resistant.
 You were sleep resistant.
 You were shock resistant.
 You saw invisible.
 You were warned.
 You had automatic searching.
 You had a small defense bonus (+4).
 You were warded.
 You had reflection.
 You were very lucky.
 You had extra luck.
 Good luck did not time out for you.
 You are dead.

Miscellaneous:
 You encountered 2 bones levels.
 Total elapsed playing time was 12 hours, 35 minutes and 6 seconds.

Major events:
 Turn
    1: KnightLite the lawful female human Monk entered the dungeon
  694: entered the Gnomish Mines
  700: attained the rank of Novice (level 3)
 1295: attained the rank of Initiate (level 6)
 1422: reached Mine Town
 2600: acquired the Mines' End luckstone
 4286: made her first wish - "blessed greased fireproof +2 cloak of magic resistance", got "a greased opera cloak"
 4602: Lisnaskea, the rare books proprietrix, has been killed
 4790: read a Discworld novel
 8642: entered Sokoban
 8868: completed 1st Sokoban level
 9121: completed 2nd Sokoban level
 9414: completed 3rd Sokoban level
 9811: attained the rank of Student of Stones (level 10)
10046: completed 4th Sokoban level
10376: acquired the Sokoban amulet of reflection
11705: was bestowed with Dragonbane by Shan Lai Ching
16069: was bestowed with Ogresmasher by Shan Lai Ching
25382: killed Medusa
31154: attained the rank of Student of Waters (level 14)
34121: entered Home 1, the Quest
34327: the Grand Master has granted access to proceed deeper into the quest
34458: entered Home 2, the Quest
34856: entered Home 3, the Quest
35291: entered Home 4, the Quest
35831: entered Home 5, the Quest
36289: entered Home 6, the Quest
36311: killed Master Kaen
36311: found the Eyes of the Overworld carried by a monster
36539: dissolved in molten lava

Spells:
 Name                 Level Category     Fail Retention
 confuse monster        1   enchantment   13%   51%-75%
 fireball               4   attack        98%   51%-75%
 detect food            2   divination    13%    (gone)
 create monster         2   clerical      17%    (gone)
 force bolt             1   attack        13%   51%-75%
 detect monsters        1   divination    13%    (gone)
 wizard lock            2   matter        17%    1%-25%
 light                  1   divination    13%   11%-20%
 cancellation           7   matter       100%   26%-50%
 clairvoyance           3   divination    13%   61%-70%
 healing                1   healing        0%   71%-80%
 jumping                1   escape        13%  76%-100%
 sleep                  3   enchantment   78%  76%-100%
 restore ability        4   healing        0%  91%-100%

Skills:
 Fighting Skills
   martial arts       [Grand Master]
 Weapon Skills
   broadsword         [Unskilled]
   hammer             [Unskilled]
   quarterstaff       [Unskilled]
   spear              [Unskilled]
   crossbow           [Unskilled]
   shuriken           [Unskilled]
 Spellcasting Skills
   attack spells      [Unskilled]
   healing spells     [Basic]
   divination spells  [Basic]
   enchantment spells [Unskilled]
   clerical spells    [Unskilled]
   escape spells      [Unskilled]
   matter spells      [Unskilled]

Voluntary challenges:
 Character rerolling was not enabled.
 You never hit with a wielded weapon.
 You never genocided any monsters.
 You used 1 wish.
 You did not wish for any artifacts.
 You did not violate any of the special Sokoban rules.
Achievements:
 You entered a shop.
 You entered the Gnomish Mines.
 You attained the rank of Novice.
 You attained the rank of Initiate.
 You entered Minetown.
 You entered a temple.
 You completed the Gnomish Mines.
 You read from a Discworld novel.
 You entered Sokoban.
 You attained the rank of Student of Stones.
 You completed Sokoban.
 You defeated Medusa.
 You attained the rank of Student of Waters.

 The Dungeons of Doom: levels 1 to 25
    Level 1:
    Level 2:
       A potion shop.
       Stairs down to The Gnomish Mines.
    Level 3:
       A sink.
    Level 4:
       A tool shop, a grave.
    Level 5:
       A grave.
       Final resting place for
          nsemrau-Bar-Hum-Mal-Neu, killed by an iguana, while fainted from lack of food.
    Level 6:
       A general store.
    Level 7:
       Many fountains.
       Oracle of Delphi.
    Level 8:
       Stairs up to Sokoban, level 7.
    Level 9:
    Level 10:
    Level 11:
       Some fountains.
    Level 12:
       Some altars.
    Level 13:
    Level 14:
       Some fountains, a grave.
       Summoned by the Grand Master.
       Portal to The Quest.
    Level 15: "FOOD RATIONS HERE"
       A fountain.
    Level 16: "COALIGNED ALTAR"
       An altar to Shan Lai Ching, some fountains.
    Level 17:
       Some fountains.
    Level 18:
       A primitive area.
    Level 19:
    Level 20: "3 SCROLLS OF GOLD DETECTION IN LOCKED BOX"
       Many graves.
    Level 21: "SINK KICKED"
       A sink.
    Level 22:
       An altar.
    Level 23:
       A scroll shop.
    Level 24:
    Level 25:
       A throne.
       The castle (play 5-note tune to open or close drawbridge).
 The Gnomish Mines: levels 3 to 10
    Level 3:
    Level 4:
    Level 5:
    Level 6:
       Many shops, a temple and an altar to Shan Lai Ching, some fountains.
    Level 7:
       A grave.
       Final resting place for
          pakka-Val-Dwa-Fem-Law, killed by falling down a mine shaft.
    Level 8:
    Level 9:
    Level 10:
       A fountain.
 The Quest: levels 1 to 6
    Level 1:
       A temple and an altar, many trees.
       Given quest by the Grand Master.
    Level 2:
    Level 3:
    Level 4:
    Level 5:
    Level 6: <- You were here.
       An altar.
       Final resting place for
          you, dissolved in molten lava.
 Sokoban: levels 7 up to 4
    Level 4:
       Solved.
    Level 5:
       Solved.
    Level 6:
       Solved.
    Level 7:
       Solved.


Vanquished creatures:
    Master Kaen
    Medusa
  2 glass golems
  2 black dragons
  a green dragon
  2 yellow dragons
  a minotaur
  a baluchitherium
  a demilich
  3 Olog-hai
  a Nazgul
  a displacer beast
  2 titanotheres
  a baby orange dragon
  2 genetic engineers
  a shopkeeper
  2 water trolls
  a clay golem
  3 nurses
  2 Aleaxes
  a frost giant
  a black pudding
  a vampire
  5 lieutenants
  a watch captain
  3 ghosts
  2 queen bees
  a winged gargoyle
  2 mind flayers
  2 giant mimics
  2 long worms
  4 zruties
  5 ogre tyrants
 12 rock trolls
  4 umber hulks
  a flesh golem
  3 doppelgangers
  3 large mimics
  3 wumpuses
 16 stalkers
  3 air elementals
  a fire elemental
 64 earth elementals
  2 water elementals
  3 hill giants
  a giant mummy
  a black naga
 38 xorns
  a giant zombie
  8 elf-nobles
 11 sergeants
  7 wargs
  7 small mimics
  2 glass piercers
  2 warhorses
  3 xans
  2 ogre leaders
  3 quantum mechanics
  a sasquatch
  5 wood golems
  4 sharks
  7 gelatinous cubes
  a pyrolisk
  2 freezing spheres
  a flaming sphere
  2 shocking spheres
  3 large cats
  3 tigers
  2 gargoyles
  a tengu
  4 ochre jellies
  5 leocrottas
  2 energy vortices
 an elf mummy
  6 red nagas
  a python
  2 cobras
  5 wraiths
  4 carnivorous apes
  a leather golem
  6 Grey-elves
 19 soldiers
  4 watchmen
  3 amorous demons
  2 chameleons
  a crocodile
  7 giant beetles
  4 quivering blobs
  8 cockatrices
  4 wolves
 10 winter wolf cubs
  3 lynxes
  2 panthers
 22 gremlins
  2 spotted jellies
 42 leprechauns
  2 orc-captains
  5 iron piercers
  a mumak
  7 giant spiders
  3 scorpions
  8 horses
  3 ice vortices
  6 black lights
  2 vampire bats
  a forest centaur
  a gnome ruler
  4 orc mummies
  2 dwarf mummies
  6 ogres
 10 brown puddings
  5 rust monsters
  5 owlbears
  5 yetis
  2 gold golems
  a werewolf
  5 Green-elves
  5 giant eels
 14 lizards
  9 chickatrices
  2 dingoes
  a housecat
  3 jaguars
  2 blue jellies
  a white unicorn
  a gray unicorn
  a black unicorn
  4 dust vortices
  a raven
  3 plains centaurs
  2 gnome mummies
  5 snakes
  2 apes
  8 human zombies
  a rope golem
 13 Woodland-elves
 14 soldier ants
  4 fire ants
  3 bugbears
 an imp
  2 quasits
  4 wood nymphs
  3 water nymphs
  5 mountain nymphs
 14 Mordor orcs
  9 Uruk-hai
  4 orc shamans
  8 rock piercers
  8 rock moles
  5 ponies
  4 fog clouds
  8 yellow lights
  2 shriekers
  7 violet fungi
 17 gnome leaders
  7 gnomish wizards
  3 kobold mummies
  a black naga hatchling
  4 gray oozes
  a barrow wight
 an elf zombie
  4 straw golems
  a paper golem
  3 jellyfish
 18 giant ants
  2 little dogs
  5 floating eyes
  2 kittens
  8 dwarves
  5 homunculi
  5 kobold leaders
  3 kobold shamans
 12 hill orcs
 18 rothes
  a rabid rat
  3 giant bats
  2 monkeys
  4 orc zombies
 15 dwarf zombies
  3 wererats
  2 werejackals
 13 iguanas
 70 killer bees
  5 acid blobs
  3 coyotes
  5 gas spores
  3 hobbits
  2 large kobolds
  8 hobgoblins
  6 giant rats
 20 cave spiders
  a brown mold
  3 yellow molds
  2 red molds
 57 gnomes
  2 gnome zombies
 12 geckos
  5 jackals
  2 foxes
  a kobold
  2 goblins
  6 grid bugs
  a bat
 13 lichens
  3 kobold zombies
  5 newts
1131 creatures vanquished.

No species were genocided or became extinct.

Game over:
                       ----------
                      /          \
                     /    REST    \
                    /      IN      \
                   /     PEACE      \
                  /                  \
                  |    KnightLite    |
                  |     33071 Au     |
                  |   dissolved in   |
                  |   molten lava    |
                  |                  |
                  |                  |
                  |       2026       |
                 *|     *  *  *      | *
        _________)/\\_//(\/(/\)/\//\/|_)_______

Goodbye KnightLite the Monk...

You dissolved in the lava in The Quest on dungeon level 6 with 351238 points,
and 33071 pieces of gold, after 36539 moves.
You were level 15 with a maximum of 167 hit points when you dissolved in the lava.

